 Dungeon Crawl Stone Soup version 0.30-a0-568-g124715a40b (webtiles) character file.

Game seed: 14382756464037749515

92 jfcaron the Chopper (level 4, -2/35 HPs)
             Began as a Demonspawn Monk on Dec 29, 2022.
             Slain by Sigmund
             ... wielding a +1 scythe of freezing
              (3 damage)
             ... on level 2 of the Dungeon.
             The game lasted 00:03:12 (1690 turns).

jfcaron the Chopper (Demonspawn Monk)               Turns: 1690, Time: 00:03:12

Health: -2/35      AC:  6    Str: 12 (13) XL:     4   Next: 35%
Magic:  4/4        EV: 10    Int: 15 (17) God:
Gold:   88         SH:  0    Dex: 15 (16) Spells: 3/3 levels left

rFire   . . .      SeeInvis .    a - +0 hand axe
rCold   . . .      Faith    .    (no shield)
rNeg    . . .      Spirit   .    m - +0 scale mail
rPois   .          Reflect  .    (no helmet)
rElec   .          Harm     .    (no cloak)
rCorr   .          Rampage  .    (no gloves)
Will    .....                    (no boots) Stlth
                                 (no amulet)
HPRegen 0.25/turn                k - +6 ring of intelligence
MPRegen 0.09/turn                (no ring)

@: confused, brilliant, ambrosia-drunk, flying
A: claws 1, condensation shield
a: no special abilities


You were on level 2 of the Dungeon.
You visited 1 branch of the dungeon, and saw 2 of its levels.

You collected 88 gold pieces.

Inventory:

Hand Weapons
 a - a +0 hand axe (weapon)
 e - a +0 dagger of speed
   (You took it off a kobold on level 1 of the Dungeon)
Armour
 b - a +0 robe
 m - a +0 scale mail (worn)
Jewellery
 k - a +6 ring of intelligence (left claw)
   (You found it on level 1 of the Dungeon)
Scrolls
 g - a scroll of teleportation {unknown}
 h - 2 scrolls of blinking {unknown}
 i - a scroll of acquirement {unknown}
 j - 3 scrolls of identify {unknown}
 n - a scroll of magic mapping {unknown}
 o - a scroll of immolation {unknown}


   Skills:
 + Level 3.4 Fighting
 * Level 3.5 Axes
 * Level 2.0 Armour
 - Level 3.0 Dodging
 - Level 2.0 Stealth


You had 3 spell levels left.
You didn't know any spells.
Your spell library contained the following spells:

 Spells                   Type           Power      Damage    Failure   Level
 Frozen Ramparts          Ice            0%         1d1       99%         3
 Ice Form                 Ice/Tmut       0%         N/A       100%        4
 Summon Ice Beast         Ice/Summ       0%         N/A       100%        4


Dungeon Overview and Level Annotations

Branches:
Dungeon (2/15)

Altars:

Annotations:
D:2 Sigmund


Innate Abilities, Weirdness & Mutations

You have sharp fingernails.
A meltable shield of frost defends you. (SH +4)


Message History

The dart slug launches a dart at you. You block the slug dart.
Sigmund gestures at you while chanting. The magic dart hits you.
You closely miss Sigmund.
Sigmund is heavily wounded.
You hit the dart slug. Sigmund barely misses you.
The dart slug launches a dart at you. The slug dart hits you.
You hit Sigmund.
Sigmund is heavily wounded.
You hit the dart slug but do no damage. The dart slug barely misses you.
Sigmund hits you with a +1 scythe of freezing.
Sigmund freezes you.
You hit Sigmund but do no damage.
Sigmund is heavily wounded.
You hit the dart slug. You closely miss Sigmund.
Sigmund is heavily wounded.
You hit the dart slug.
Sigmund points at you and mumbles some strange words.
You are confused.
The dart slug launches a dart at you. The slug dart misses you.
Sigmund screams, "Don't try to resist!"
Sigmund hits you with a +1 scythe of freezing!
* * * LOW HITPOINT WARNING * * *
Sigmund freezes you!
* * * LOW HITPOINT WARNING * * *
You are more confused.
You feel invigorated.
The dart slug bites you but does no damage.
You closely miss Sigmund.
Sigmund is heavily wounded.
You hit the dart slug.
You kill the dart slug!
Sigmund hits you with a +1 scythe of freezing!
* * * LOW HITPOINT WARNING * * *
Sigmund freezes you.
You die...

................#..
................# . #
.....#..........# .#
####.#.#.........###..# #### ##
#.#.#...........#.##(..#...##
.###.#.#......................<#
..##...#...######......<........#
#.......##.####..@..# .........#
######..........@#..#.........[.#
#...............†.............##
...#..#.....#...##...##...#..$##
# #.#####....### #....#.#####
...........## #.....
....#####...# .... .... ##### ...
.... ..


You could see Sigmund (strong).

Vanquished Creatures
  3 gnolls
  2 adders (D:2)
  2 dart slugs (D:2)
  3 ball pythons
  5 endoplasms
  3 giant cockroaches
  3 goblins
  3 hobgoblins (D:1)
  5 kobolds
  A quokka (D:1)
  7 bats
  A frilled lizard (D:1)
  4 rats
42 creatures vanquished.

Notes
Turn   | Place    | Note
-------+----------+-------------------------------------------
     0 | D:1      | jfcaron the Demonspawn Monk began the quest for the Orb.
     0 | D:1      | Reached XP level 1. HP: 18/18 MP: 1/1
   172 | D:1      | Gained mutation: A meltable shield of frost defends you.
                  | (SH +4) [demonic ancestry]
   172 | D:1      | Reached XP level 2. HP: 20/24 MP: 2/2
   573 | D:1      | Reached skill level 1 in Armour
   872 | D:1      | Gained mutation: You have sharp fingernails. [demonic
                  | ancestry]
   872 | D:1      | Reached XP level 3. HP: 29/29 MP: 3/3
  1219 | D:1      | HP: 5/29 [gnoll/+0 flail (3)]
  1327 | D:2      | Reached XP level 4. HP: 13/35 MP: 4/4
  1667 | D:2      | Noticed Sigmund
  1688 | D:2      | HP: 1/35 [Sigmund/+1 scythe of freezing (7)]
  1690 | D:2      | Slain by Sigmund

Illustrated notes

Levels and vault maps discovered:
D:1:      psy_arrival_fountain, layout_loops_ring, minmay_misc_feat_pillars
D:2:      layout_rooms, wad_floor_pattern_untrapped, uniq_sigmund

Skill      XL: |  1  2  3  4 |
---------------+-------------+-----
Stealth        | 2 |  2.0
Axes           | 3 |  3.5
Armour         | 1 2 |  2.0
Dodging        | 3 |  3.0
Fighting       | |  3.4

Action                   |  1- 3 |  4- 6 || total
-------------------------+-------+-------++-------
Melee: Hand axe          |   130 |    35 ||   165
Throw: Stone             |     8 |       ||     8
       Dart              |       |     2 ||     2
  Use: Potion            |       |     5 ||     5
 Stab: Sleeping          |     5 |       ||     5
Armor: Robe              |    15 |       ||    15
       Scale mail        |    10 |    15 ||    25
Dodge: Dodged            |    74 |    23 ||    97
Block: Other             |    20 |     9 ||    29

Table legend: (Time is in decaauts)
 A = Elapsed time spent in this place.
 B = Non-inter-level travel time spent in this place.
 C = Inter-level travel time spent in this place.
 D = Time resting spent in this place.
 E = Time spent auto-exploring this place.
 F = Levels seen in this place.
 G = Mean time per level.
                   A        B        C        D        E       F      G
               +--------+--------+--------+--------+--------+-----+--------+
         Total |   1717 |   1644 |     73 |    193 |   1042 |   2 |  858.5 |
       Dungeon |   1717 |   1644 |     73 |    193 |   1042 |   2 |  858.5 |
               +--------+--------+--------+--------+--------+-----+--------+

Top non-repeatable levels by time:
     D:1: 1222 daAuts
     D:2: 494 daAuts

Table legend:
 A = Kills in this place as a percentage of kills in entire the game.
 B = Kills by you in this place as a percentage of kills by you in the entire game.
 C = Kills by friends in this place as a percentage of kills by friends in the entire game.
 D = Other kills in this place as a percentage of other kills in the entire game.
 E = Experience gained in this place as a percentage of experience gained in the entire game.
 F = Experience gained in this place divided by the number of levels of this place that you have seen.
                   A       B       C       D       E      F
               +-------+-------+-------+-------+-------+----------------------
         Total | 100.0 | 100.0 |   N/A |   N/A | 100.0 |  68.0
       Dungeon | 100.0 | 100.0 |   N/A |   N/A | 100.0 |  68.0
               +-------+-------+-------+-------+-------+----------------------
